 Dungeon Crawl Stone Soup version 0.29-a0-841-g116ddc6ace (webtiles) character file.

Game seed: 15798808829425720038

136705 inmateoo the Brawler (level 16, 0/120 HPs)
             Began as a Demonspawn Gladiator on July 14, 2022.
             Was the Champion of Hepliaklqana.
             Slain by an 11-headed hydra (9 damage)
             ... on level 4 of the Swamp.
             The game lasted 00:40:14 (32914 turns).

inmateoo the Brawler (Demonspawn Gladiator)        Turns: 32914, Time: 00:40:14

Health: 0/120      AC: 23    Str: 19    XL:     16   Next: 67%
Magic:  25/25      EV: 12    Int: 10    God:    Hepliaklqana [******]
Gold:   2697       SH:  3    Dex: 15    Spells: 22/28 levels left

rFire   + + .      SeeInvis +     - Unarmed
rCold   + + +      Faith    .   h - +0 buckler {rC+ rF+}
rNeg    . . .      Spirit   .   O - +1 chain mail {rC+}
rPois   +          Reflect  .   f - +2 helmet {SInv}
rElec   .          Harm     .   n - +0 cloak
rCorr   .          Rampage  +   (gloves unavailable)
Will    +++++                   q - +2 pair of boots of Zanit {Rampage rPois}
Stlth   ++........              R - amulet of regeneration
HPRegen 1.10/turn               u - ring of the Pariah {rC+ Will++}
MPRegen 0.19/turn               S - ring "Baamopiz" {rPois rF+ Will+++ Dex-3 Stlth+}

@: no status effects
A: reduced essence, claws 3, rugged brown scales 2, demonic guardian 2, powered
by death 2
a: Renounce Religion, Recall Ancestor, Ancestor Identity, Transference, Idealise


You were on level 4 of the Swamp.
You worshipped Hepliaklqana.
Hepliaklqana was exalted by your worship.
You visited 4 branches of the dungeon, and saw 27 of its levels.
You also visited: Volcano.

You collected 3345 gold pieces.
You spent 648 gold pieces at shops.

Inventory:

Hand Weapons
 N - a +4 scimitar of flaming
Missiles
 d - 8 throwing nets
 g - 6 silver boomerangs (quivered)
Armour
 f - a +2 helmet of see invisible (worn)
 h - a +0 buckler of resistance (worn)
 n - a +0 cloak (worn)
 q - the +2 pair of boots of Zanit (worn) {Rampage rPois}
   (You found it on level 5 of the Dungeon)

   rPois:     It protects you from poison.
   Rampage:   It bestows one free step when moving towards enemies.
 O - a +1 chain mail of cold resistance (worn)
Jewellery
 c - a ring of positive energy
 u - the ring of the Pariah (left claw) {rC+ Will++}
   (You acquired it on level 13 of the Dungeon)

   [ring of protection from cold]

   rC:        It protects you from cold.
   Will:      It greatly increases your willpower.
 L - a ring of resist corrosion
 R - an amulet of regeneration (around neck)
 S - the ring "Baamopiz" (right claw) {rPois rF+ Will+++ Dex-3 Stlth+}
   (You took it off a minotaur on level 2 of the Orcish Mines)

   [ring of protection from fire]

   Dex:       It affects your dexterity (-3).
   rF:        It protects you from fire.
   rPois:     It protects you from poison.
   Will:      It greatly increases your willpower.
   Stlth:     It makes you more stealthy.
Wands
 a - a wand of polymorph (6)
 m - a wand of paralysis (23)
 s - a wand of flame (63)
 w - a wand of iceblast (36)
 E - a wand of mindburst (9)
 G - a wand of quicksilver (1)
 I - a wand of digging (7)
Scrolls
 r - 3 scrolls of amnesia
 t - 21 scrolls of identify
 v - 2 scrolls of enchant armour
 x - 10 scrolls of teleportation
 y - a scroll of blinking
 A - 10 scrolls of fog
 B - 2 scrolls of magic mapping
 K - 4 scrolls of enchant weapon
 M - 5 scrolls of fear
Potions
 b - 5 potions of brilliance
 e - a potion of magic
 i - 8 potions of might
 j - 18 potions of curing
 k - 5 potions of flight
 l - 6 potions of haste
 o - 3 potions of resistance
 p - 5 potions of berserk rage
 z - a potion of cancellation
 C - 3 potions of invisibility
 D - 6 potions of mutation
 F - 3 potions of heal wounds
 P - 3 potions of ambrosia
 Q - 3 potions of lignification


   Skills:
 + Level 11.7 Fighting
 - Level 4.1 Long Blades
 - Level 4.0 Throwing
 + Level 10.6 Armour
 - Level 11.0 Dodging
 + Level 7.9 Stealth
 + Level 16.7 Unarmed Combat
 * Level 6.5 Spellcasting
 * Level 4.1 Transmutations
 * Level 4.0 Earth Magic
 - Level 10.0 Invocations


You had 22 spell levels left.
You knew the following spells:

 Your Spells              Type           Power      Damage    Failure   Level
a - Statue Form           Tmut/Erth      7%         N/A       100%        6

Your spell library contained the following spells:

 Spells                   Type           Power      Damage    Failure   Level
 Sandblast                Erth           22%        2d7       36%         1
 Passwall                 Tmut/Erth      9%         N/A       50%         2
 Apportation              Tloc           6%         N/A       90%         1
 Stone Arrow              Conj/Erth      14%        3d7       95%         3
 Static Discharge         Conj/Air       3%         3-4/arc   97%         2
 Inner Flame              Hex/Fire       3%         N/A       99%         3
 Ozocubu's Armour         Ice            3%         N/A       99%         3
 Animate Armour           Summ/Erth      14%        N/A       100%        4
 Cause Fear               Hex            1%         N/A       100%        4
 Leda's Liquefaction      Hex/Erth       3%         N/A       100%        4
 Passage of Golubria      Tloc           3%         N/A       100%        4
 Alistair's Intoxication  Tmut/Pois      4%         N/A       100%        5
 Blade Hands              Tmut           5%         N/A       100%        5
 Freezing Cloud           Conj/Ice/Air   1%         6-21      100%        5
 Lee's Rapid Deconstruct  Erth           5%         3d7*      100%        5
 Lightning Bolt           Conj/Air       1%         1d12      100%        5
 Metabolic Englaciation   Hex/Ice        1%         N/A       100%        5
 Silence                  Hex/Air        1%         N/A       100%        5
 Summon Forest            Summ/Tloc      1%         N/A       100%        5
 Summon Mana Viper        Hex/Summ       3%         N/A       100%        5
 Iron Shot                Conj/Erth      3%         9d2       100%        6
 Simulacrum               Ice/Necr       1%         N/A       100%        6
 Summon Cactus Giant      Summ           1%         N/A       100%        6
 Borgnjor's Revivificati  Necr           1%         N/A       100%        8
 Discord                  Hex            1%         N/A       100%        8
 Lehudib's Crystal Spear  Conj/Erth      3%         10d3      100%        8
 Maxwell's Capacitive Co  Air            1%         ∞         100%        8
 Necromutation            Tmut/Necr      3%         N/A       100%        8
 Death's Door             Necr           1%         N/A       100%        9
 Polar Vortex             Ice            1%         N/A       100%        9


Dungeon Overview and Level Annotations

Branches:
Dungeon (15/15)            Temple (0/1) D:5            Lair (6/6) D:8
  Swamp (4/4) Lair:2       Spider (0/4) Lair:4        Slime (0/5) Lair:5
    Orc (2/2) D:9             Elf (0/3) Orc:2        Vaults (0/5) D:14
 Depths (0/4) D:15        Volcano (visited)

Altars:
Dithmenos
Fedhas
Hepliaklqana
Kikubaaqudgha
Nemelex Xobeh
Okawaru
Qazlal
Ru
Sif Muna
Vehumet
Wu Jian
Yredelemnul
Jiyva

Shops:
D:1 [   D:15 !   Orc:2 (=*[

Portals:
Trove: D:15 (give +3 gold dragon scales)

Annotations:
D:11 2 transporters, Peppero's ghost, journeyman TrBe


Innate Abilities, Weirdness & Mutations

Your life essence is reduced to manifest your ancestor. (-10% HP)
You have claws for hands.
You are mostly covered in rugged brown scales. (AC +2, +5% HP)
A demonic guardian rushes to your aid.
You regenerate health from kills.


Message History

Cyneburga hits the eleionoma with a +0 quarterstaff!
The eleionoma dies!
You scratch the ten-headed hydra but do no damage.
The ten-headed hydra is severely wounded.
The ten-headed hydra bites you.
The ten-headed hydra closely misses you.
The ten-headed hydra bites you but does no damage.
The ten-headed hydra closely misses you.
The ten-headed hydra bites you!
The ten-headed hydra bites you but does no damage.
The ten-headed hydra bites you.
* * * LOW HITPOINT WARNING * * *
The ten-headed hydra closely misses you.
The ten-headed hydra bites you but does no damage. x2
You rip one of the ten-headed hydra's heads off!
The nine-headed hydra grows two more!
You scratch the 11-headed hydra.
The 11-headed hydra is heavily wounded.
Cyneburga casts a spell at the 11-headed hydra.
The stone arrow misses the 11-headed hydra.
You completely miss the 11-headed hydra.
The 11-headed hydra is heavily wounded.
The 11-headed hydra bites you but does no damage.
The 11-headed hydra barely misses you.
The 11-headed hydra bites you but does no damage.
The 11-headed hydra bites you.
* * * LOW HITPOINT WARNING * * *
The 11-headed hydra bites you!
* * * LOW HITPOINT WARNING * * *
A demonic guardian appears!
The 11-headed hydra bites you but does no damage. x3
The 11-headed hydra bites you.
* * * LOW HITPOINT WARNING * * *
The 11-headed hydra barely misses you. x2
The 11-headed hydra attacks as you move away!
The 11-headed hydra bites you but does no damage.
The 11-headed hydra bites you!
* * * LOW HITPOINT WARNING * * *
The 11-headed hydra bites you but does no damage.
You block the 11-headed hydra's attack. The 11-headed hydra bites you!
You die...

♣♣♣♣<.<...≈.♣♣
♣♣.♣.≈..≈≈...♣♣
♣.≈...§♣.≈.♣≈≈♣
♣≈§≈≈.<.≈≈♣♣♣♣♣
♣♣≈≈≈≈≈≈§≈≈♣
♣♣.≈†≈§≈≈.♣
♣≈≈≈≈§§≈≈♣♣
♣♣♣♣≈≈≈≈.≈♣♣♣
♣≈≈≈3@≈.♣ ♣♣
♣≈≈RD≈≈.♣ .≈♣♣♣
♣≈≈≈≈≈≈≈♣
≈≈...♣♣≈....≈♣♣
≈≈≈...♣.≈≈....♣♣
♣≈^...≈≈≈.....♣
≈♣♣♣....≈≈≈≈≈.♣♣
♣≈≈≈.≈≈...)♣.≈.♣
≈..≈.≈≈......≈.♣


You could see the friendly Cyneburga the battlemage, a 11-headed hydra (ally
target) and a friendly sun demon (summoned).

Vanquished Creatures
  A thorn hunter (Swamp:2)
  The ghost of Gahoodgh the Fighter, an adept HuCj of Okawaru (D:15)
  2 fenstrider witches
  The ghost of Grwwl the Severer, a journeyman HOFi of Gozag (Orc:2)
  An orc warlord (Orc:1)
  Azrael (D:14)
  Nessos (D:13)
  An eleionoma (Swamp:2)
  A red draconian (Volcano)
  A bunyip (Swamp:1)
  Josephine (Orc:2)
  5 hydras
  3 vault guards (D:14)
  A spriggan air mage (Swamp:2)
  4 boulder beetles
  3 ghost crabs
  4 alligators
  Erica (D:8)
  2 catoblepae
  9 two-headed ogres
  2 death yaks (Lair:3)
  A death knight (D:14)
  4 centaur warriors
  2 tengu warriors (D:14)
  Sonja (Lair:3)
  A storm dragon zombie (D:15)
  2 spriggans
  6 goliath frogs
  2 spriggan druids
  A death drake (Swamp:3)
  A flayed ghost (D:15)
  A swamp dragon (Swamp:3)
  2 lindwurms
  A bog body (Swamp:3)
  9 ugly things
  3 orc knights
  2 deep elf pyromancers
  A wolf spider (D:14)
  A necromancer (D:15)
  An orc sorcerer (Orc:2)
  6 cyclopes
  A will-o-the-wisp (Swamp:1)
  2 manticores
  9 elephants
  4 black mambas
  A gargoyle (D:10)
  15 cane toads
  3 orange demons (D:13)
  An efreet (D:15)
  Psyche (D:8)
  3 yaktaurs
  A rime drake (Lair:5)
  Maggie (D:8)
  3 tengu conjurers
  4 komodo dragons
  A guardian mummy (D:15)
  3 red devils (D:13)
  3 polar bears
  3 trolls
  6 tyrant leeches
  A bloated husk (Swamp:1)
  5 hornets
  2 spriggan skeletons (D:15)
  Grinder (D:3)
  12 blink frogs
  A wolf spider simulacrum (D:15)
  5 slime creatures
  Sigmund (D:6)
  2 wraiths
  3 wyverns
  3 basilisks
  4 fire elementals
  28 yaks
  Grum (D:10)
  2 redbacks (Lair:3)
  A steam dragon (D:6)
  7 vampire mosquitoes
  A warg (Orc:2)
  2 swamp worms
  An acid dragon (D:9)
  3 hell hounds (D:14)
  10 water moccasins
  2 swamp drakes
  The ghost of gabibbone the Ruffian, an amateur TrFi (D:3)
  17 orc warriors
  2 ice beasts
  5 black bears
  8 ogres
  10 wolves
  14 centaurs
  2 kobold brigands
  Blork the orc (Orc:2)
  11 bullfrogs
  A necrophage (Swamp:2)
  4 scorpions
  2 wights (D:7)
  24 killer bees
  3 hounds (D:6)
  2 jellies
  14 orc priests
  2 gnoll boudas
  7 iguanas
  7 orc wizards
  6 adders
  26 gnolls
  A white imp (D:7)
  An ufetubus (D:4)
  A worm (D:3)
  2 dart slugs
  40 orcs
  7 endoplasms
  7 hobgoblins
  8 jackals
  36 kobolds
  3 quokkas
  6 ball pythons
  5 bats
  4 frilled lizards
  7 goblins
  4 rats
  2 briar patches (Swamp:2)
560 creatures vanquished.

Vanquished Creatures (collateral kills)
  Louise (Swamp:2)
  2 ghouls (Swamp:2)
  3 eleionomae
  A minotaur (Orc:2)
  A shambling mangrove (Swamp:3)
  3 boulder beetles
  A vault guard (D:14)
  An ogre mage (D:15)
  3 hydras
  2 two-headed ogres (D:15)
  3 death yaks (Lair:3)
  An alligator (Swamp:3)
  An orc high priest (Orc:2)
  2 slime creatures
  Nergalle (Orc:2)
  2 goliath frogs (Swamp:2)
  Lodul (D:10)
  2 spriggan druids
  2 lindwurms
  3 swamp dragons
  A bog body (Swamp:2)
  2 orc knights
  A frost giant zombie (D:15)
  4 ugly things
  2 black mambas
  An elephant (Lair:4)
  An unseen horror (D:12)
  9 cane toads
  3 yaktaurs (Volcano)
  2 komodo dragons
  A tengu conjurer (D:13)
  4 rime drakes
  A guardian mummy (D:15)
  A polar bear (Lair:5)
  5 tyrant leeches
  2 trolls
  9 blink frogs
  A tarantella (Lair:4)
  2 hornets (Swamp:2)
  A jumping spider (Lair:3)
  4 spriggans
  3 wraiths (Orc:2)
  A vampire (D:12)
  4 basilisks
  2 humans (D:14)
  A wyvern (D:8)
  A fire elemental (D:14)
  4 yaks
  A redback (Lair:3)
  3 steam dragons
  3 swamp worms (Swamp:3)
  4 vampire mosquitoes
  A warg (Orc:2)
  3 water moccasins
  3 black bears
  4 swamp drakes
  6 orc warriors
  7 wolves
  3 centaurs
  2 ogres
  A kobold brigand (D:8)
  5 bullfrogs
  A necrophage (D:7)
  3 wights (D:7)
  14 killer bees
  2 electric eels
  3 lava snakes (Lair:3)
  A hound (D:6)
  An orc priest (D:4)
  A jelly (D:5)
  6 orc wizards
  3 gnolls
  A worm (D:3)
  16 orcs
  A goblin (D:3)
  A hobgoblin (D:3)
  9 kobolds
  2 butterflies (Lair:4)
220 creatures vanquished.

Vanquished Creatures (others)
  A tyrant leech (Swamp:1)
  2 swamp drakes (Swamp:4)
  35 battlemagi
  An orc wizard (D:13)
  2 ancestors (D:6)
  4 foxfires (Swamp:1)
  16 fungi
  71 plants
  9 withered plants (D:15)
141 creatures vanquished.

Grand Total: 921 creatures vanquished

Notes
Turn   | Place    | Note
-------+----------+-------------------------------------------
     0 | D:1      | inmateoo the Demonspawn Gladiator began the quest for the
                  | Orb.
     0 | D:1      | Reached XP level 1. HP: 16/16 MP: 1/1
   186 | D:1      | Found Ninoucot's Antique Armour Shop.
   191 | D:1      | Gained mutation: A weak demonic guardian rushes to your
                  | aid. [demonic ancestry]
   191 | D:1      | Reached XP level 2. HP: 22/22 MP: 2/2
   804 | D:2      | Reached XP level 3. HP: 28/28 MP: 3/3
   810 | D:2      | Reached skill level 1 in Armour
  1288 | D:3      | Found an ancient bone altar of Kikubaaqudgha.
  1393 | D:3      | Gained mutation: You are partially covered in rugged brown
                  | scales. (AC +1, +3% HP) [demonic ancestry]
  1393 | D:3      | Reached XP level 4. HP: 18/35 MP: 4/4
  1472 | D:3      | Noticed gabibbone's ghost (amateur TrFi)
  1476 | D:3      | Found a runed translucent door.
  1761 | D:3      | Noticed Grinder
  1762 | D:3      | Paralysed by Grinder for 5 turns
  1790 | D:3      | Paralysed by Grinder for 3 turns
  1796 | D:3      | Killed Grinder
  1797 | D:3      | Gained mutation: You have sharp fingernails. [demonic
                  | ancestry]
  1797 | D:3      | Reached XP level 5. HP: 23/42 MP: 5/5
  1797 | D:3      | Gained mutation: You have very sharp fingernails. [demonic
                  | ancestry]
  1797 | D:3      | Reached XP level 6. HP: 26/48 MP: 6/6
  2253 | D:3      | Found a sparkling altar of Nemelex Xobeh.
  2297 | D:3      | Found a radiant altar of Vehumet.
  2398 | D:3      | Killed gabibbone's ghost
  2700 | D:4      | Found a stormy altar of Qazlal.
  3141 | D:4      | Found a hazy altar of Hepliaklqana.
  3163 | D:4      | Became a worshipper of Hepliaklqana the Forgotten
  3181 | D:4      | Gained mutation: You have claws for hands. [demonic
                  | ancestry]
  3181 | D:4      | Reached XP level 7. HP: 25/54 MP: 7/7
  3415 | D:5      | Entered Level 5 of the Dungeon
  3884 | D:4      | Found a sacrificial altar of Ru.
  4081 | D:5      | Reached skill level 1 in Unarmed Combat
  4408 | D:5      | Reached skill level 2 in Unarmed Combat
  4675 | D:5      | Identified the +2 pair of boots of Zanit {Rampage rPois}
  4736 | D:5      | Found a staircase to the Ecumenical Temple.
  4763 | D:5      | Reached skill level 3 in Unarmed Combat
  4912 | D:5      | Reached * piety under Hepliaklqana
  4920 | D:5      | Reached skill level 4 in Unarmed Combat
  4920 | D:5      | Gained mutation: You regenerate a little health from kills.
                  | [demonic ancestry]
  4920 | D:5      | Reached XP level 8. HP: 55/55 MP: 8/8
  5642 | D:4      | Reached skill level 5 in Unarmed Combat
  5838 | D:6      | Reached skill level 6 in Unarmed Combat
  5857 | D:6      | Reached skill level 7 in Unarmed Combat
  6120 | D:6      | Gained mutation: You are mostly covered in rugged brown
                  | scales. (AC +2, +5% HP) [demonic ancestry]
  6120 | D:6      | Reached XP level 9. HP: 55/61 MP: 9/9
  6137 | D:6      | Found an ornate altar of the Wu Jian Council.
  6149 | D:6      | Noticed Sigmund
  6157 | D:6      | Killed Sigmund
  6158 | D:6      | Reached skill level 8 in Unarmed Combat
  6378 | D:6      | Found an iron altar of Okawaru.
  6980 | D:6      | Reached skill level 9 in Unarmed Combat
  7580 | D:7      | Reached ** piety under Hepliaklqana
  7581 | D:7      | Remembered your ancestor Cyneburga as a battlemage
  7638 | D:7      | Reached skill level 10 in Unarmed Combat
  7783 | D:7      | Found a basalt altar of Yredelemnul.
  7975 | D:7      | Noticed a troll
  7983 | D:7      | Killed a troll
  8158 | D:7      | Reached skill level 11 in Unarmed Combat
  8161 | D:7      | Reached XP level 10. HP: 55/67 MP: 10/10
  8288 | D:8      | Found a shimmering blue altar of Sif Muna.
  8355 | D:8      | Found a staircase to the Lair.
  8381 | D:8      | Reached skill level 12 in Unarmed Combat
  8455 | D:8      | Noticed Erica
  8456 | D:8      | Noticed Maggie
  8462 | D:8      | Killed Erica
  8470 | D:8      | Killed Maggie
  8516 | D:8      | Noticed a manticore
  8526 | D:8      | Killed a manticore
  8527 | D:8      | Reached skill level 13 in Unarmed Combat
  8854 | D:8      | Noticed Psyche
  8860 | D:8      | Killed Psyche
  8905 | D:8      | Reached *** piety under Hepliaklqana
  9349 | D:9      | Reached XP level 11. HP: 63/73 MP: 11/11
  9356 | D:9      | Found a shadowy altar of Dithmenos.
  9382 | D:9      | Found a staircase to the Orcish Mines.
  9594 | D:9      | Found a blossoming altar of Fedhas.
  9858 | D:10     | Entered Level 10 of the Dungeon
 10199 | D:10     | Noticed a two-headed ogre
 10219 | D:10     | Killed a two-headed ogre
 10220 | D:10     | Reached skill level 1 in Invocations
 10229 | D:10     | HP: 2/73 [gargoyle/+0 mace (6)]
 10235 | D:10     | Reached skill level 1 in Spellcasting
 10798 | D:10     | Reached **** piety under Hepliaklqana
 10830 | D:10     | Noticed a two-headed ogre
 10849 | D:10     | Killed a two-headed ogre
 10850 | D:10     | Reached skill level 14 in Unarmed Combat
 11015 | D:10     | Noticed Lodul
 11020 | D:10     | Killed Lodul
 11021 | D:10     | Reached skill level 5 in Dodging
 11395 | D:10     | Noticed a two-headed ogre
 11399 | D:10     | Killed a two-headed ogre
 11400 | D:10     | Reached skill level 5 in Fighting
 11446 | D:10     | Noticed Grum
 11457 | D:10     | Killed Grum
 11712 | D:11     | Noticed Peppero's ghost (journeyman TrBe)
 11712 | D:11     | Noticed a two-headed ogre
 11712 | D:11     | Found a transporter.
 11712 | D:11     | Found a transporter.
 11713 | D:11     | Noticed a two-headed ogre
 11713 | D:11     | Noticed a two-headed ogre
 11732 | D:11     | Noticed a boulder beetle
 11746 | D:11     | Killed a boulder beetle
 12000 | D:11     | Noticed a two-headed ogre
 12257 | D:11     | Reached XP level 12. HP: 73/81 MP: 16/16
 12799 | D:12     | Reached skill level 5 in Invocations
 13156 | D:12     | Reached skill level 5 in Armour
 13235 | D:12     | Noticed a boulder beetle
 13250 | D:12     | Killed a boulder beetle
 13334 | D:12     | You fall into a shaft and drop 2 floors!
 13426 | D:13     | Noticed Nessos
 13426 | D:13     | Noticed a boulder beetle
 13515 | D:12     | Noticed a six-headed hydra
 13516 | D:12     | Noticed a two-headed ogre
 13532 | D:12     | Killed a two-headed hydra
 13537 | D:12     | Killed a two-headed ogre
 13880 | D:13     | Identified a scroll of acquirement
 13882 | D:13     | Acquired the ring of the Pariah {rC+ Will++}
 13906 | D:13     | Noticed a centaur warrior
 13913 | D:13     | Killed a centaur warrior
 13974 | D:13     | Reached ***** piety under Hepliaklqana
 14075 | D:13     | Killed a boulder beetle
 14236 | D:13     | Killed Nessos
 14426 | D:13     | Reached skill level 5 in Spellcasting
 14700 | D:14     | Noticed a tengu warrior
 14700 | D:14     | Noticed a death knight
 14742 | D:14     | Noticed a boulder beetle
 14743 | D:14     | Noticed Azrael
 14767 | D:13     | Reached XP level 13. HP: 21/91 MP: 20/20
 16184 | D:14     | Found a stormy altar of Qazlal.
 16752 | D:14     | Reached skill level 15 in Unarmed Combat
 17405 | D:14     | Found a gate to the Vaults.
 17647 | D:14     | HP: 2/93 [Azrael/+4 scimitar of flaming (6)]
 17648 | D:14     | Killed Azrael
 18313 | D:15     | Entered Level 15 of the Dungeon
 18497 | D:15     | Found a portal to a secret trove of treasure.
 18948 | D:15     | Gained mutation: A demonic guardian rushes to your aid.
                  | [demonic ancestry]
 18948 | D:15     | Reached XP level 14. HP: 75/100 MP: 21/21
 19064 | D:15     | Found a large runed translucent door.
 19064 | D:15     | Found a large runed translucent door.
 19068 | D:15     | Noticed Gahoodgh's ghost (adept HuCj)
 19118 | D:15     | Reached skill level 1 in Stealth
 19138 | D:15     | HP: 1/99 [spriggan defender skeleton (12)]
 19584 | D:14     | Reached skill level 10 in Invocations
 20138 | D:15     | Found a staircase to the Depths.
 20145 | D:15     | Found Fyis's Distillery.
 20164 | D:15     | Bought 2 potions of curing for 78 gold pieces
 20164 | D:15     | Bought a potion of curing for 39 gold pieces
 20164 | D:15     | Bought a potion of berserk rage for 65 gold pieces
 20164 | D:15     | Bought a potion of berserk rage for 65 gold pieces
 20164 | D:15     | Bought 2 potions of berserk rage for 130 gold pieces
 20164 | D:15     | Bought a potion of lignification for 39 gold pieces
 21416 | D:15     | Killed Gahoodgh's ghost
 21855 | Lair:1   | Entered Level 1 of the Lair of Beasts
 22155 | Lair:1   | Identified the +5 ring mail of an ice cave {rF- rC+ Regen+
                  | Stlth+}
 22728 | D:1      | Bought a shiny helmet for 180 gold pieces
 23255 | Lair:2   | Identified the +11 quarterstaff "Mikotz" {vamp, *Corrode
                  | Fragile Str+6 Dex+8}
 23496 | Lair:2   | Found a staircase to the Swamp.
 24213 | Lair:3   | Reached ****** piety under Hepliaklqana
 24488 | Lair:3   | Identified the +10 mace of the Genius {spect, Str+3}
 24531 | Lair:3   | Noticed Sonja
 24539 | Lair:3   | Killed Sonja
 24768 | Lair:3   | Found a runed translucent door.
 24843 | Lair:3   | Identified the +1 hat of Zin's Righteous Fury {Dex+4}
 24846 | Lair:3   | Found a runed translucent gate.
 24846 | Lair:3   | Found a runed translucent gate.
 24846 | Lair:3   | Found a runed translucent gate.
 24846 | Lair:3   | Found a runed translucent gate.
 24847 | Lair:3   | Found a runed translucent gate.
 24849 | Lair:3   | Found a runed translucent gate.
 24910 | Lair:3   | Reached skill level 10 in Fighting
 25320 | Lair:3   | Reached skill level 5 in Stealth
 25320 | Lair:3   | Reached XP level 15. HP: 82/109 MP: 22/22
 25366 | Lair:3   | Reached skill level 16 in Unarmed Combat
 25683 | Lair:4   | Found a hole to the Spider Nest.
 26518 | Lair:5   | Found a viscous altar of Jiyva.
 26518 | Lair:5   | Found a staircase to the Slime Pits.
 26729 | Lair:6   | Entered Level 6 of the Lair of Beasts
 26798 | Lair:6   | Found a dark tunnel.
 26832 | Volcano  | Entered a volcano
 26911 | Volcano  | Reached skill level 10 in Dodging
 27847 | Lair:6   | Found the +8 demon blade "Leech" {vamp, Harm Drain rN+}
 28199 | Orc:1    | Entered Level 1 of the Orcish Mines
 28611 | Orc:2    | Entered Level 2 of the Orcish Mines
 28636 | Orc:2    | Found a runed translucent gate.
 28636 | Orc:2    | Found a runed translucent gate.
 28636 | Orc:2    | Found a runed translucent gate.
 28648 | Orc:2    | Reached skill level 10 in Armour
 28665 | Orc:2    | Noticed an orc warlord
 28828 | Orc:1    | Killed an orc warlord
 28879 | Orc:2    | Noticed Josephine
 28884 | Orc:2    | Killed Josephine
 29075 | Orc:2    | Identified the ring "Baamopiz" {rPois rF+ Will+++ Dex-3
                  | Stlth+}
 29084 | Orc:2    | Noticed Grwwl's ghost (journeyman HOFi)
 29097 | Orc:2    | Noticed Blork the orc
 29104 | Orc:2    | Killed Blork the orc
 29105 | Orc:2    | Found Ynasigic's Antique Weapon Shoppe.
 29107 | Orc:2    | Noticed Nergalle
 29171 | Orc:2    | Killed Nergalle
 29219 | Orc:2    | Found Kieqooc's General Store.
 29232 | Orc:2    | Bought a scroll of fear for 52 gold pieces
 29312 | Orc:2    | Found Suntor's Antique Armour Shoppe.
 29323 | Orc:2    | Found a staircase to the Elven Halls.
 29602 | Orc:2    | Found Yqipretz's Jewellery Shoppe.
 29616 | Orc:2    | Learned a level 6 spell: Statue Form
 29751 | Orc:2    | Killed Grwwl's ghost
 29945 | Swamp:1  | Entered Level 1 of the Swamp
 29995 | Swamp:1  | Reached skill level 1 in Transmutations
 29995 | Swamp:1  | Reached skill level 1 in Earth Magic
 30236 | Swamp:1  | Gained mutation: You regenerate health from kills. [demonic
                  | ancestry]
 30236 | Swamp:1  | Reached XP level 16. HP: 104/118 MP: 23/23
 30915 | Swamp:2  | Noticed Louise
 31245 | Swamp:2  | Killed Louise
 31522 | Swamp:2  | Noticed a thorn hunter
 31536 | Swamp:2  | Killed a thorn hunter
 32579 | Swamp:4  | Entered Level 4 of the Swamp
 32914 | Swamp:4  | Slain by an 11-headed hydra

Illustrated notes

Levels and vault maps discovered:
D:1:      ncdulo_smallfort, layout_rooms, serial_shops, shop
D:2:      layout_loops_ring, kennysheep_generic_room_11
D:3:      layout_basic, mainiacjoe_overflow_six_doors_small,
          mainiacjoe_overflow_24_doors, mainiacjoe_overflow_boulevard,
          hellmonk_ghost_happy_afterlife, lemuel_another_geyser, uniq_grinder
D:4:      layout_gridville, lemuel_doored_altar,
          mainiacjoe_overflow_tiny_flanked, mainiacjoe_overflow_cross_hatched,
          serial_forest, infiniplex_forest_clump_long, infiniplex_forest_pool,
          infiniplex_forest_lined_ring, infiniplex_forest_fountain,
          infiniplex_forest_clump_curved, infiniplex_forest_lined_4_way,
          infiniplex_forest_corner_1, infiniplex_forest_straight_1
D:5:      layout_cave_pods, temple_fountains, chequers_arboretum
D:6:      minmay_goblin_kobold_castle, layout_loops_cross, kennysheep_mini_moat,
          mainiacjoe_overflow_alcove_1, pdpol_wu_jian_five_deadly_venoms,
          minmay_fractal_squares_diagonal_5, uniq_sigmund
D:7:      nicolae_cairo_tiling, layout_basic, old_standard_altar
D:8:      layout_gridville, mainiacjoe_overflow_chevrons,
          minmay_lair_entry_grove, uniq_erica, uniq_maggie, uniq_psyche
D:9:      layout_loops_ring, lemuel_round_altar, mainiacjoe_overflow_alcove_4,
          lemuel_crystal_altar, david_orc_2
D:10:     nicolae_cairo_tiling_very_big, layout_loops_ring, st_stairs_6,
          minmay_puff, uniq_grum, uniq_lodul
D:11:     layout_layer_cave, gammafunk_ghost_smash
D:12:     layout_basic
D:13:     layout_gridville, minmay_beelzebubs_servants, uniq_nessos
D:14:     layout_basic, grunt_vaults_entry_fortified,
          nicolae_qazlal_scattered_showers, uniq_azrael
D:15:     gammafunk_depths_entry_grave, layout_rooms, serial_shops,
          shop_fountains, hangedman_decor_riveting,
          nicolae_trove_entry_crossroad, ebering_ghost_disaster_area,
          st_stairs_9
Lair:1:   layout_regular_city
Lair:2:   layout_layer_cave, minmay_swamp_entry_worms
Lair:3:   gammafunk_indiana_jones, layout_regular_city,
          infiniplex_staircase_pool, uniq_sonja
Lair:4:   layout_hall_layers, spider_nest_entry_rubble, lemuel_fruit_fields
Lair:5:   layout_roguey, dpeg_slime_entry_enclosed, grunt_megastairs_5,
          infiniplex_staircase_pool_2
Lair:6:   minmay_lair_end_frog_pond, layout_cave_pods,
          nicolae_volcano_entry_vermiform, chequers_serial_rivers_micro_c
Swamp:1:  layout_falls_marsh, nicolae_swamp_bean_lake, swamp_pool5
Swamp:2:  layout_falls_marsh, evilmike_swamp_ruin_house_1, swamp_pool2,
          uniq_louise
Swamp:3:  nicolae_swamp_ascending_descending_big, layout_basic_swamp,
          evilmike_swamp_ruin_house_2, nicolae_swamp_fairy_circle
Swamp:4:  swamp_fiery, layout_basic_swamp
Orc:1:    layout_diamond_mine, basic_altar
Orc:2:    grunt_orc_cross, layout_caves, basic_altar,
          maelrawn_ghost_gauntlet_escape, nicolae_orc_flooded_monolith,
          uniq_josephine

Skill      XL: |  1  2  3  4  5  6  7  8  9 10 11 12 13 14 15 16 |
---------------+-------------------------------------------------+-----
Long Blades    | 3 4 |  4.1
Dodging        | 3 4 5 6 8 9 10 11 | 11.0
Armour         | 1 2 3 4 6 7 9 10 | 10.6
Throwing       | 2 3 4 |  4.0
Fighting       | 3 4 5 7 8 10 11 | 11.7
Unarmed Combat | 4 7 11 13 14 15 16 | 16.7
Invocations    | 4 7 9 10 | 10.0
Spellcasting   | 3 5 6 |  6.5
Stealth        | 5 7 |  7.9
Transmutations | 1 4 |  4.1
Earth Magic    | 1 4 |  4.0

Action                   |  1- 3 |  4- 6 |  7- 9 | 10-12 | 13-15 | 16-18 || total
-------------------------+-------+-------+-------+-------+-------+-------++-------
Melee: Long sword        |    90 |   131 |     6 |       |       |       ||   227
       Punch             |     1 |     1 |    16 |    39 |    19 |       ||    76
       Unarmed           |       |       |   379 |   410 |   971 |   256 ||  2016
       Scimitar          |       |       |       |     5 |     2 |       ||     7
Throw: Boomerang         |    10 |       |       |     1 |       |       ||    11
Invok: Recall Ancestor   |       |       |     1 |     1 |     5 |       ||     7
       Ancestor Life: Ba |       |       |     1 |       |       |       ||     1
       Idealise          |       |       |       |       |       |     2 ||     2
Evoke: Wand              |       |     7 |     5 |     8 |     7 |       ||    27
  Use: Scroll            |     6 |     3 |    10 |    10 |    11 |     5 ||    45
       Potion            |     1 |     3 |     1 |     2 |     4 |     4 ||    15
 Stab: Paralysed         |       |    12 |     9 |    10 |       |       ||    31
       Distracted        |       |       |     2 |     7 |    32 |     4 ||    45
       Petrifying        |       |       |       |       |     2 |       ||     2
       Sleeping          |       |       |       |       |       |     1 ||     1
Armor: Plate armour      |    76 |   113 |   255 |   242 |    91 |       ||   777
       Chain mail        |       |       |       |       |   472 |   198 ||   670
Dodge: Dodged            |    29 |    36 |   141 |   222 |   478 |   145 ||  1051
Block: Buckler           |       |       |       |       |   123 |    45 ||   168

Table legend: (Time is in decaauts)
 A = Elapsed time spent in this place.
 B = Non-inter-level travel time spent in this place.
 C = Inter-level travel time spent in this place.
 D = Time resting spent in this place.
 E = Time spent auto-exploring this place.
 F = Levels seen in this place.
 G = Mean time per level.
                   A        B        C        D        E       F      G
               +--------+--------+--------+--------+--------+-----+--------+
         Total |  32824 |  31196 |   1628 |  11803 |  13229 |  28 | 1172.3 |
       Dungeon |  22251 |  21121 |   1130 |   9923 |   7378 |  15 | 1483.4 |
          Lair |   5632 |   5297 |    335 |    529 |   3749 |   6 |  938.7 |
         Swamp |   3088 |   2981 |    107 |   1075 |   1074 |   4 |  772.0 |
  Orcish Mines |   1571 |   1517 |     54 |    213 |    957 |   2 |  785.5 |
       Volcano |    280 |    280 |      0 |     62 |     70 |   1 |  280.0 |
               +--------+--------+--------+--------+--------+-----+--------+

Top non-repeatable levels by time:
    D:14: 3918 daAuts
    D:13: 2797 daAuts
    D:10: 1849 daAuts
     D:5: 1831 daAuts
     D:6: 1570 daAuts
     D:4: 1478 daAuts
  Lair:2: 1314 daAuts
    D:15: 1195 daAuts
     D:3: 1186 daAuts
  Lair:3: 1166 daAuts
 Swamp:3: 1083 daAuts
  Lair:6: 1072 daAuts
    D:11: 1055 daAuts
    D:12: 1011 daAuts
 Swamp:2: 983 daAuts
